Map: Thunderbird LE

Players

Woah - Winner!

  • Race: Terran Terran
  • League: Platinum
  • Spawn Location: 11:00

Alexey

  • Race: Protoss Protoss
  • League: Platinum
  • Spawn Location: 5:00

VOD

Have the link to the VOD?

Description

Time

  • Played on: June 12, 2019, 8:10 a.m.
  • Length: 17:58
Show
View Real Time Build Order
Export as new Build Order

Woah Terran - Winner!

Build Orders: Reaper Expand 

Get SALT Encoding   

  12  0:02  SCV  
  13  0:15  SCV  
  13  0:18  Supply Depot  
  14  0:27  SCV  
  15  0:40  SCV  
  15  0:41  Barracks  
  16  0:45  Refinery  
  16  0:52  SCV  
  17  1:04  SCV  
  18  1:28  Orbital Command  
  18  1:29  Reaper  
  19  1:39  Command Center  
  19  1:52  Supply Depot  
  19  1:53  SCV  
  20  2:05  SCV  
  21  2:11  Barracks Tech Lab, Barracks  
  21  2:18  Factory  
  21  2:20  SCV  
  22  2:32  SCV, Refinery  
  23  2:44  SCV  
  24  2:51  Barracks  
  24  2:53  Stimpack, Marine  
  24  2:56  SCV  
  26  3:00  Orbital Command  
  26  3:03  Barracks Tech Lab  
  26  3:12  Factory Tech Lab  
  26  3:13  SCV  
  26  3:19  Bunker  
  27  3:29  Marauder  
  27  3:32  Marauder  
  27  3:33  SCV  
  32  3:37  SCV  
  33  3:43  Barracks Reactor  
  33  3:48  Starport  
  33  3:52  Supply Depot  
  33  3:53  SCV  
  33  3:55  SCV  
  35  3:59  Concussive Shells  
  35  4:08  SCV  
  35  4:09  SCV  
  37  4:11  Marauder x2  
  37  4:14  Supply Depot  
  41  4:20  SCV  
  42  4:24  Marine x2  
  44  4:34  SCV  
  44  4:35  SCV  
  44  4:38  Marauder x2  
  50  4:41  Refinery  
  50  4:43  Refinery  
  50  4:46  SCV  
  50  4:47  SCV  
  49  4:58  SCV  
  49  4:59  Widow Mine  
  54  5:09  Marine  
  54  5:25  Marauder  
  53  5:30  Marauder  
  54  5:39  Combat Shield  
  54  5:46  Factory Tech Lab  
  54  5:51  Command Center  
  54  5:59  Engineering Bay, Barracks  
  54  6:00  Barracks  
  54  6:01  Engineering Bay  
  54  6:11  SCV x2, Marauder, Supply Depot, Medivac, Marine x2  
  62  6:26  Terran Infantry Weapons Level 1  
  62  6:28  Terran Infantry Armor Level 1  
  62  6:32  SCV x2, Medivac, Marine  
  66  6:33  Marine  
  68  6:41  Medivac  
  68  6:43  Supply Depot  
  68  6:44  Supply Depot  
  68  6:46  SCV, Siege Tank  
  74  6:47  Marauder  
  74  6:48  Barracks Reactor  
  74  6:49  Barracks Reactor  
  74  6:53  SCV  
  77  6:56  Missile Turret  
  77  7:04  SCV  
  78  7:20  Marauder x3  
  84  7:25  Marine  
  84  7:26  Marine x2  
  87  7:41  Marauder, Marine  
  87  7:42  Marauder  
  92  7:45  Marine x2  
  92  7:46  Medivac x2, Marine  
  92  7:47  Orbital Command  
  92  7:49  SCV  
  100  7:53  Supply Depot  
  100  7:59  Marauder  
  88  8:20  Marauder, Marine  
  88  8:21  Marine x5  
  99  8:34  Siege Tank  
  99  8:36  SCV x3  
  99  8:38  Marine x4  
  106  8:44  Armory  
  106  8:48  SCV x2  
  107  8:49  SCV  
  107  8:54  Marauder x3  
  115  8:56  Marine  
  115  9:00  SCV  
  117  9:04  Ghost Academy  
  117  9:32  Marauder  
  117  9:33  Marauder, Marine  
  117  9:34  Marine  
  117  9:35  Marauder  
  117  9:40  Marine  
  117  9:47  Marine  
  116  9:54  Marauder  
  116  9:55  Marauder  
  116  9:56  Marauder  
  88  10:08  Marine  
  88  10:09  Marine x3  
  88  10:10  Siege Tank  
  88  10:11  SCV x3  
  88  10:13  Barracks  
  98  10:15  Marauder  
  98  10:16  Marauder, Medivac x2  
  98  10:17  Marauder  
  108  10:24  SCV  
  108  10:26  Refinery, Marine x2  
  108  10:27  Missile Turret, Refinery, Marine x2  
  113  10:29  Missile Turret, Command Center  
  113  10:33  Factory  
  113  10:37  Marauder  
  113  10:38  Marauder, Terran Infantry Weapons Level 2  
  113  10:42  Terran Infantry Armor Level 2  
  117  10:57  Supply Depot  
  117  10:58  Supply Depot  
  117  10:59  Supply Depot x2  
  117  11:01  Supply Depot  
  117  11:19  Marauder, Ghost, Marine x3  
  117  11:22  Barracks Reactor  
  117  11:24  Factory Tech Lab  
  124  11:36  Marine  
  124  11:37  Marauder, Marine x3  
  130  11:40  Ghost  
  130  11:46  Siege Tank x2  
  138  11:48  Marauder  
  140  11:54  Marine x4  
  140  11:58  Marine  
  145  12:09  Marine x2  
  147  12:17  Marauder, Marine x2  
  147  12:18  Siege Tank x2, Marine x4  
  161  12:27  Marauder x2  
  165  12:35  Marine x4  
  165  12:36  Marine x2  
  171  12:38  Marine  
  172  12:48  Marine x2  
  172  12:50  Orbital Command  
  174  12:52  Marine  
  174  12:53  Marine x5  
  180  13:42  Marine  
  180  13:44  Marine x2  
  180  13:45  Marauder x2, Marine x3  
  180  13:46  Marauder  
  105  14:00  Marine  
  105  14:02  Marine x5  
  108  14:07  Marauder  
  108  14:09  Siege Tank x2  
  121  14:14  Barracks x2  
  121  14:15  Barracks  
  121  14:16  Barracks  
  121  14:18  Marine  
  121  14:20  Marine x5  
  121  14:21  Ghost  
  121  14:22  Ghost  
  121  14:24  Medivac x2  
  131  14:28  Marauder  
  135  14:36  Marine  
  135  14:37  Marine x2  
  135  14:38  Marine x3  
  136  14:50  Marauder  
  137  14:53  Marauder x2, Marine  
  137  14:55  Marine x2  
  137  14:56  Marine  
  137  14:58  Marine x2  
  147  15:03  Barracks Tech Lab, Barracks Reactor x2  
  147  15:04  Barracks Tech Lab  
  147  15:11  Marauder, Marine  
  147  15:13  Marine x2  
  147  15:14  Marauder, Marine x2  
  152  15:15  Marine  
  152  15:16  Marine  
  158  15:29  Marine  
  158  15:31  Marine x3  
  158  15:32  Marine x2  
  164  15:36  Marauder  
  166  15:50  Marauder x2  
  101  16:29  Ghost x4  
  101  16:30  Marine x3  
  101  16:31  Marauder, Marine x3  
  116  16:52  Marauder  
  118  16:58  Marauder x2  
  118  16:59  Marauder  
  124  17:12  Marauder, Marine  
  124  17:13  Marine x9  
  124  17:14  Marauder  
  138  17:20  Marauder x3  
  144  17:34  Marauder  
  144  17:35  Marauder  
Show
View Real Time Build Order
Export as new Build Order

Alexey Protoss 

Build Orders:  

Get SALT Encoding   

  12  0:01  Probe  
  13  0:14  Pylon  
  13  0:18  Probe  
  14  0:32  Probe  
  14  0:33  Gateway  
  14  0:40  Probe  
  16  0:50  Probe  
  16  0:52  Assimilator  
  17  0:59  Probe  
  18  1:07  Probe  
  19  1:16  Probe  
  19  1:20  Cybernetics Core  
  20  1:39  Pylon  
  20  1:41  Assimilator  
  20  1:42  Probe  
  21  1:52  Gateway  
  21  1:54  Probe  
  22  1:57  Stalker  
  24  2:06  Probe  
  25  2:15  Robotics Facility  
  25  2:21  Warp Gate  
  25  2:28  Pylon  
  25  2:31  Stalker  
  27  2:41  Stalker  
  29  2:56  Observer  
  29  3:04  Stalker  
  32  3:23  Stalker  
  32  3:25  Immortal  
  38  3:55  Nexus  
  38  3:59  Pylon  
  38  4:07  Twilight Council  
  38  4:09  Forge  
  38  4:21  Probe  
  39  4:29  Probe  
  39  4:33  Pylon  
  39  4:37  Probe  
  41  4:48  Probe  
  40  5:19  Stalker  
  40  5:20  Stalker  
  38  5:21  Immortal  
  38  5:24  Probe  
  38  5:25  Probe, Shield Battery  
  38  5:28  Charge  
  42  5:33  Photon Cannon  
  42  5:36  Probe x2  
  44  5:43  Protoss Ground Weapons Level 1  
  44  5:44  Sentry x2  
  44  5:45  Probe  
  44  5:49  Probe  
  50  5:53  Probe  
  51  6:01  Probe, Gateway  
  51  6:02  Gateway  
  52  6:05  Gateway  
  52  6:13  Pylon  
  52  6:14  Probe x2  
  54  6:26  Probe x2  
  54  6:27  Robotics Bay  
  56  6:32  Assimilator  
  56  6:34  Assimilator  
  56  6:38  Probe x2  
  58  6:49  Zealot x2  
  58  6:50  Probe  
  58  6:51  Probe  
  64  7:02  Observer, Probe  
  66  7:14  Pylon  
  66  7:17  Extended Thermal Lance, Pylon  
  66  7:18  Gateway  
  66  7:19  Gateway  
  66  7:22  Zealot x3  
  69  7:23  Zealot x2  
  69  7:27  Colossus  
  75  7:39  Pylon  
  81  7:50  Forge  
  81  7:51  Protoss Ground Weapons Level 2  
  79  8:09  Zealot  
  79  8:10  Zealot x3  
  79  8:11  Zealot  
  66  8:32  Stalker x2  
  66  8:33  Stalker x2  
  74  8:38  Colossus  
  80  8:42  Probe x2  
  80  8:43  Protoss Ground Armor Level 1  
  82  8:49  Shield Battery  
  82  8:54  Stalker, Probe  
  85  8:58  Stalker  
  87  9:10  Zealot  
  87  9:11  Pylon  
  89  9:23  Photon Cannon  
  89  9:24  Sentry x2  
  89  9:26  Zealot x2  
  95  9:39  Zealot x3  
  83  10:17  Protoss Ground Weapons Level 3  
  83  10:19  Blink  
  83  10:33  Robotics Facility  
  83  10:36  Nexus  
  83  10:37  Pylon  
  83  10:42  Pylon  
  83  10:44  Probe  
  83  10:45  Probe  
  83  10:49  Zealot x2, Phoenix  
  89  10:52  Colossus  
  89  10:54  Zealot  
  89  10:56  Probe  
  98  11:08  Templar Archives  
  98  11:10  Probe x2  
  100  11:14  Pylon  
  100  11:29  Zealot x3  
  100  11:30  Zealot x3  
  112  11:38  Probe x2  
  114  11:48  Colossus  
  114  11:50  Probe x2  
  114  11:52  Protoss Ground Armor Level 2  
  122  11:56  Phoenix, Probe  
  123  12:04  Probe  
  123  12:08  Probe x2, Pylon  
  123  12:10  Assimilator  
  123  12:13  Stalker  
  123  12:14  Assimilator, Probe  
  128  12:17  Psionic Storm  
  129  12:28  Probe x3  
  132  12:30  Stalker  
  134  12:44  Photon Cannon  
  134  12:48  Zealot, Pylon  
  134  12:49  Zealot  
  134  12:50  High Templar x3  
  134  12:51  High Templar  
  146  12:56  Phoenix  
  146  13:11  Protoss Shields Level 1  
  146  13:17  Stargate  
  146  13:20  Shield Battery  
  146  13:29  Zealot x3  
  146  13:30  Stalker  
  146  13:31  Stalker  
  146  13:32  Stalker x2  
  134  13:52  Zealot x2  
  134  13:53  Zealot  
  118  14:01  Zealot  
  118  14:02  Stalker x3  
  124  14:11  Shield Battery  
  124  14:13  Shield Battery  
  124  14:14  Shield Battery  
  124  14:17  High Templar x2  
  124  14:18  High Templar  
  124  14:21  Colossus  
  124  14:23  Colossus  
  142  14:33  Zealot, Fleet Beacon  
  142  14:34  Zealot, Stalker  
  142  14:35  Stalker  
  150  14:52  Stalker x2  
  152  14:53  Stalker  
  152  14:59  Sentry  
  158  15:00  Sentry  
  158  15:01  Sentry  
  162  15:08  Pylon  
  162  15:10  Pylon  
  162  15:11  Pylon  
  162  15:18  Zealot  
  162  15:20  Stargate  
  162  15:21  Stargate  
  164  15:45  Zealot x3  
  164  15:46  Zealot x3  
  164  15:47  Zealot  
  108  16:16  Colossus  
  80  16:19  Zealot  
  80  16:20  Zealot x3  
  80  16:21  Zealot x3  
  92  16:48  High Templar x2  
  92  16:52  Zealot  
  92  16:53  Zealot x4  
  94  16:59  Archon  
  73  17:16  Shield Battery  
  73  17:31  Zealot  
  73  17:32  Zealot x3  
  73  17:33  Zealot  
  73  17:42  Pylon  
  66  17:46  Gateway  
  66  17:49  Photon Cannon  
  66  17:50  Photon Cannon  
  65  17:52  Photon Cannon  
Tags
 
Matchup
PvT
Replay Pack
r1
Spawn Locations
Cross Positions
Add a new tag
Caveats
  • Supply blocks, unpowered buildings, or Contaminate may cause inaccurate times.
  • Supply counts are checked every 10 seconds.